General information
- name: BNet
- type: Ladder team game (AT/RT)
- host: Battle.net
- saver: sObIeSkI
map: Mur'gulOasis
- players: 8
- length: 29:07
- speed: Fast
- version: 1.28 W3XP
- replay type: Public
» download(335 KB)
Players
team 1 (loser)

»
lok0_0 (
purple | 119 APM | 3470 actions | 29:03)
6 Archmage
3 Summon Water Elemental
2 Brilliance Aura
1 Mass Teleport
4 Paladin
2 Holy Light
2 Divine Shield
» actions
| Assign group hotkey | 43 | |
| Basic commands | 89 | |
| Build / train | 84 | |
| ESC pressed | 1 | |
| Enter build submenu | 16 | |
| Enter hero's abilities submenu | 10 | |
| Remove unit from queue | 1 | |
| Right click | 1457 | |
| Select / deselect | 583 | |
| Select group hotkey | 1084 | |
| Use ability | 102 | |
3470 total
» units
| Peasant | 24 | |
| Rifleman | 13 | |
| Sorceress | 5 | |
| Spell Breaker | 3 | |
45 total
» upgrades
| Gunpowder | 3 | |
| Armor | 3 | |
| Long Rifles | 1 | |
| Sorceress Training | 2 | |
| Priest Training | 1 | |
| Magic Sentry | 1 | |
| Control Magic | 1 | |
| Swords | 0 | |
| Plating | 2 | |
14 total
» buildings
| Altar of Kings | 1 | |
| Farm | 10 | |
| Blacksmith | 1 | |
| Barracks | 1 | |
| Keep | 1 | |
| Arcane Sanctum | 2 | |
| Castle | 1 | |
| Arcane Vault | 1 | |
18 total
» build order
00:48 Altar of Kings
00:55 Farm
01:13 Blacksmith
01:22 Farm
01:54 Barracks
02:04 Farm
02:45 Farm
03:10 Keep
05:36 Arcane Sanctum
05:41 Arcane Sanctum
06:29 Castle
06:50 Arcane Vault
07:11 Farm
07:13 Farm
07:14 Farm
07:16 Farm
19:42 Farm
20:06 Farm
» items
| Scroll of Regeneration | 4 | |
| Scroll of Town Portal | 2 | |
| Orb of Fire | 4 | |
10 total
sawce (
yellow | 52 APM | 1509 actions | 29:02)
7 Blood Mage
3 Flame Strike
3 Siphon Mana
1 Summon Phoenix
» actions
| Assign group hotkey | 30 | |
| Basic commands | 105 | |
| Build / train | 60 | |
| ESC pressed | 1 | |
| Enter build submenu | 23 | |
| Enter hero's abilities submenu | 7 | |
| Give item / drop item | 2 | |
| Remove unit from queue | 3 | |
| Right click | 447 | |
| Select / deselect | 225 | |
| Select group hotkey | 535 | |
| Use ability | 71 | |
1509 total
» units
| Peasant | 10 | |
| Footman | 7 | |
| Knight | 9 | |
| Priest | 6 | |
32 total
» upgrades
| Defend | 1 | |
| Plating | 3 | |
| Priest Training | 2 | |
| Swords | 3 | |
| Animal War Training | 1 | |
| Backpack | 1 | |
11 total
» buildings
| Altar of Kings | 1 | |
| Farm | 12 | |
| Lumber Mill | 1 | |
| Barracks | 3 | |
| Keep | 1 | |
| Arcane Vault | 1 | |
| Castle | 1 | |
| Blacksmith | 2 | |
| Arcane Sanctum | 2 | |
24 total
» build order
00:10 Altar of Kings
00:14 Farm
00:25 Lumber Mill
00:58 Barracks
01:28 Farm
03:06 Keep
03:16 Farm
04:55 Arcane Vault
05:29 Farm
05:34 Castle
07:08 Barracks
07:13 Farm
07:20 Blacksmith
07:22 Farm
07:39 Arcane Sanctum
07:42 Farm
08:02 Barracks
08:03 Farm
08:11 Arcane Sanctum
08:15 Farm
08:21 Blacksmith
08:24 Farm
11:39 Farm
11:40 Farm
» items
| Scroll of Town Portal | 3 | |
| Potion of Healing | 1 | |
4 total
saraphita (
blue | 45 APM | 1297 actions | 29:06)
4 Demon Hunter
2 Evasion
2 Mana Burn
» actions
| Assign group hotkey | 24 | |
| Basic commands | 2 | |
| Build / train | 63 | |
| ESC pressed | 3 | |
| Enter build submenu | 21 | |
| Enter hero's abilities submenu | 4 | |
| Right click | 630 | |
| Select / deselect | 412 | |
| Select group hotkey | 83 | |
| Use ability | 55 | |
1297 total
» units
| Wisp | 15 | |
| Archer | 22 | |
| Hippogryph | 12 | |
49 total
» upgrades
| Improved Bows | 1 | |
| Hippogryph Taming | 1 | |
| Marksmanship | 1 | |
| Strength of the Moon | 1 | |
4 total
» buildings
| Altar of Elders | 2 | |
| Moon Well | 7 | |
| Ancient of War | 2 | |
| Tree of Ages | 1 | |
| Ancient of Wind | 2 | |
| Ancient of Wonders | 1 | |
| Tree of Eternity | 1 | |
| Hunter's Hall | 1 | |
17 total
» build order
00:13 Altar of Elders
00:15 Moon Well
00:53 Altar of Elders
01:41 Ancient of War
03:06 Moon Well
03:28 Moon Well
04:47 Moon Well
06:56 Tree of Ages
07:04 Ancient of War
07:09 Moon Well
07:22 Moon Well
10:07 Ancient of Wind
10:08 Ancient of Wind
10:38 Ancient of Wonders
13:59 Moon Well
16:43 Tree of Eternity
20:05 Hunter's Hall
» items
luv_hair_inc. (
red | 49 APM | 1434 actions | 29:05)
5 Archmage
3 Summon Water Elemental
2 Brilliance Aura
» actions
| Assign group hotkey | 23 | |
| Basic commands | 1 | |
| Build / train | 92 | |
| Enter build submenu | 30 | |
| Enter hero's abilities submenu | 5 | |
| Remove unit from queue | 1 | |
| Right click | 641 | |
| Select / deselect | 418 | |
| Select group hotkey | 124 | |
| Use ability | 98 | |
1434 total
» units
| Peasant | 24 | |
| Footman | 5 | |
| Rifleman | 29 | |
| Mortar Team | 3 | |
61 total
» upgrades
| Masonry | 1 | |
| Gunpowder | 1 | |
| Armor | 1 | |
| Lumber Harvesting | 1 | |
4 total
» buildings
| Altar of Kings | 1 | |
| Farm | 12 | |
| Barracks | 1 | |
| Scout Tower | 11 | |
| Arcane Tower | 1 | |
| Blacksmith | 1 | |
| Lumber Mill | 1 | |
| Arcane Vault | 1 | |
| Keep | 1 | |
| Guard Tower | 8 | |
| Workshop | 1 | |
39 total
» build order
00:08 Altar of Kings
00:11 Farm
00:50 Farm
00:57 Barracks
02:05 Scout Tower
02:59 Arcane Tower
03:58 Farm
03:59 Blacksmith
04:02 Lumber Mill
04:44 Arcane Vault
06:31 Keep
07:02 Farm
07:39 Scout Tower
08:14 Farm
08:17 Farm
08:27 Scout Tower
09:02 Scout Tower
09:08 Scout Tower
09:29 Guard Tower
09:33 Guard Tower
09:47 Guard Tower
09:49 Scout Tower
10:08 Scout Tower
10:10 Farm
10:11 Farm
10:37 Guard Tower
10:39 Farm
11:37 Workshop
18:42 Scout Tower
18:43 Scout Tower
19:15 Guard Tower
19:40 Guard Tower
22:56 Scout Tower
22:57 Scout Tower
23:45 Farm
23:46 Farm
23:47 Farm
24:49 Guard Tower
25:11 Guard Tower
» items
| Scroll of Regeneration | 6 | |
| Potion of Healing | 3 | |
| Scroll of Town Portal | 1 | |
10 total
team 2 (winner)

»
cmurdaa (
orange | 54 APM | 1569 actions | 29:06)
7 Tauren Chieftain
3 War Stomp
3 Endurance Aura
1 Reincarnation
» actions
| Assign group hotkey | 30 | |
| Build / train | 73 | |
| Enter build submenu | 18 | |
| Enter hero's abilities submenu | 7 | |
| Remove unit from queue | 1 | |
| Right click | 554 | |
| Select / deselect | 249 | |
| Select group hotkey | 574 | |
| Use ability | 63 | |
1569 total
» units
| Peon | 7 | |
| Grunt | 18 | |
| Wind Rider | 17 | |
| Troll Batrider | 9 | |
51 total
» upgrades
» buildings
| Orc Burrow | 6 | |
| Altar of Storms | 1 | |
| Barracks | 1 | |
| War Mill | 1 | |
| Voodoo Lounge | 1 | |
| Stronghold | 1 | |
| Watch Tower | 1 | |
| Beastiary | 2 | |
| Farm | 1 | |
15 total
» build order
00:09 Orc Burrow
00:17 Altar of Storms
00:30 Barracks
02:03 Orc Burrow
03:30 Orc Burrow
05:17 War Mill
05:22 Orc Burrow
07:05 Voodoo Lounge
10:20 Stronghold
10:22 Orc Burrow
11:45 Watch Tower
12:59 Beastiary
14:05 Beastiary
16:27 Orc Burrow
22:52 Farm
» items
| Scroll of Regeneration | 3 | |
| Lesser Clarity Potion | 2 | |
| Potion of Healing | 3 | |
| Potion of Mana | 2 | |
10 total

»
realfleX (
teal | 165 APM | 4798 actions | 29:06)
9 Mountain King
3 Storm Bolt
3 Bash
1 Avatar
2 Thunder Clap
» actions
| Assign group hotkey | 477 | |
| Basic commands | 2 | |
| Build / train | 160 | |
| ESC pressed | 4 | |
| Enter build submenu | 48 | |
| Enter hero's abilities submenu | 15 | |
| Remove unit from queue | 3 | |
| Right click | 2578 | |
| Select / deselect | 593 | |
| Select group hotkey | 756 | |
| Use ability | 162 | |
4798 total
» units
| Peasant | 19 | |
| Footman | 13 | |
| Rifleman | 30 | |
| Spell Breaker | 32 | |
94 total
» upgrades
| Gunpowder | 2 | |
| Armor | 2 | |
| Masonry | 2 | |
| Long Rifles | 1 | |
7 total
» buildings
| Altar of Kings | 2 | |
| Farm | 20 | |
| Blacksmith | 1 | |
| Barracks | 5 | |
| Scout Tower | 11 | |
| Keep | 2 | |
| Arcane Vault | 2 | |
| Arcane Sanctum | 2 | |
| Guard Tower | 6 | |
51 total
» build order
00:47 Altar of Kings
00:50 Farm
01:27 Blacksmith
01:34 Barracks
01:58 Farm
02:24 Farm
02:26 Farm
03:14 Farm
03:16 Barracks
03:31 Farm
03:34 Scout Tower
03:35 Scout Tower
03:37 Scout Tower
05:02 Altar of Kings
05:03 Farm
05:17 Barracks
05:20 Farm
06:13 Farm
06:14 Farm
07:02 Barracks
07:03 Barracks
07:22 Keep
07:27 Arcane Vault
07:44 Farm
07:45 Farm
08:20 Arcane Vault
09:38 Farm
09:38 Farm
09:39 Farm
09:49 Farm
09:49 Farm
09:53 Farm
10:33 Keep
11:22 Scout Tower
11:23 Scout Tower
11:24 Scout Tower
13:00 Arcane Sanctum
13:04 Arcane Sanctum
14:54 Scout Tower
14:56 Scout Tower
14:57 Scout Tower
15:17 Scout Tower
15:18 Scout Tower
15:30 Guard Tower
15:30 Guard Tower
15:30 Guard Tower
15:30 Guard Tower
16:17 Guard Tower
16:17 Guard Tower
20:04 Farm
22:52 Farm
» items
| Scroll of Regeneration | 4 | |
| Lesser Clarity Potion | 10 | |
| Scroll of Town Portal | 2 | |
| Potion of Mana | 1 | |
| Potion of Healing | 1 | |
18 total
sObIeSkI (
pink | 161 APM | 4692 actions | 29:07)
8 Archmage
3 Summon Water Elemental
3 Brilliance Aura
1 Mass Teleport
1 Blizzard
5 Mountain King
3 Storm Bolt
2 Bash
» actions
| Assign group hotkey | 160 | |
| Basic commands | 186 | |
| Build / train | 150 | |
| ESC pressed | 2 | |
| Enter build submenu | 30 | |
| Enter hero's abilities submenu | 14 | |
| Give item / drop item | 1 | |
| Remove unit from queue | 1 | |
| Right click | 1792 | |
| Select / deselect | 706 | |
| Select group hotkey | 1357 | |
| Use ability | 292 | |
4692 total
» units
| Peasant | 11 | |
| Footman | 10 | |
| Rifleman | 20 | |
| Priest | 15 | |
| Sorceress | 7 | |
63 total
» upgrades
| Defend | 1 | |
| Gunpowder | 3 | |
| Long Rifles | 1 | |
| Priest Training | 2 | |
| Armor | 1 | |
| Sorceress Training | 2 | |
| Masonry | 2 | |
12 total
» buildings
| Altar of Kings | 1 | |
| Barracks | 1 | |
| Farm | 11 | |
| Lumber Mill | 1 | |
| Arcane Vault | 1 | |
| Blacksmith | 1 | |
| Scout Tower | 8 | |
| Guard Tower | 24 | |
| Keep | 2 | |
| Arcane Sanctum | 2 | |
| Castle | 3 | |
| Town Hall | 1 | |
56 total
» build order
00:51 Altar of Kings
01:00 Barracks
01:02 Farm
01:06 Farm
01:20 Farm
01:21 Farm
02:08 Lumber Mill
02:19 Arcane Vault
03:59 Blacksmith
04:17 Scout Tower
04:59 Farm
05:00 Farm
05:05 Guard Tower
05:05 Guard Tower
05:05 Guard Tower
06:41 Keep
06:41 Keep
07:59 Farm
09:11 Farm
09:18 Arcane Sanctum
09:22 Scout Tower
09:53 Guard Tower
09:53 Guard Tower
09:54 Guard Tower
10:42 Farm
10:45 Farm
10:45 Farm
10:48 Arcane Sanctum
11:52 Guard Tower
11:55 Guard Tower
11:55 Guard Tower
14:34 Castle
14:34 Castle
14:34 Castle
16:19 Scout Tower
16:21 Scout Tower
16:47 Guard Tower
16:48 Guard Tower
16:48 Guard Tower
16:51 Guard Tower
16:51 Guard Tower
16:51 Guard Tower
25:10 Town Hall
25:14 Scout Tower
25:15 Scout Tower
25:16 Scout Tower
25:17 Scout Tower
25:43 Guard Tower
25:43 Guard Tower
25:43 Guard Tower
25:44 Guard Tower
25:44 Guard Tower
25:49 Guard Tower
25:49 Guard Tower
» items
| Periapt of Vitality | 1 | |
| Scroll of Regeneration | 7 | |
| Mechanical Critter | 3 | |
| Scroll of Town Portal | 1 | |
| Boots of Speed | 3 | |
15 total
Im_Nice (
green | 86 APM | 264 actions | 03:04)
» actions
| Basic commands | 3 | |
| Build / train | 12 | |
| Enter build submenu | 8 | |
| Right click | 189 | |
| Select / deselect | 44 | |
| Use ability | 8 | |
264 total
» units
» buildings
| Lumber Mill | 1 | |
| Scout Tower | 6 | |
| Guard Tower | 5 | |
12 total
» build order
00:12 Lumber Mill
00:53 Scout Tower
00:54 Scout Tower
00:55 Scout Tower
01:19 Guard Tower
01:22 Guard Tower
01:40 Guard Tower
01:52 Scout Tower
01:55 Scout Tower
02:09 Scout Tower
02:23 Guard Tower
02:39 Guard Tower
Chat log
(00:16 / Allies) Im_Nice: tower rushing
(00:20 / Allies) sObIeSkI: k
(01:12 / Allies) Im_Nice: send units
(01:13 / Allies) Im_Nice: fast
(01:25 / Allies) Im_Nice: lumber
(01:26 / Allies) Im_Nice: now
(01:27 / Allies) Im_Nice: 100
(01:33 / Allies) Im_Nice: guys lumber
(01:35 / Allies) sObIeSkI: haven't got
(01:38 / Allies) Im_Nice: anything
(02:02 / Allies) sObIeSkI: they may rush if that guy gets raped by ur towers
(02:46 / Allies) Im_Nice: SEND SOMETHING!
(02:53 / Allies) sObIeSkI: build up in ur base your tower rush is over man
(02:54 / Allies) Im_Nice: fucking fail team
(02:59 / Allies) realfleX: wtf
(03:01 / Allies) realfleX: i cant run
(03:02 / Allies) realfleX: that far
(03:06 / Allies) sObIeSkI: cut lossses homo
(03:07 / Allies) realfleX: wtf
(03:07 / Allies) sObIeSkI: lol
(03:09 / Allies) sObIeSkI: rush
(03:44 / Allies) realfleX: ol
(03:46 / Allies) realfleX: what a dumb ass
(03:49 / Allies) sObIeSkI: he sucked
(04:18 / Allies) sObIeSkI: rush
(04:24 / Allies) sObIeSkI: lets hit here soon
(06:58 / Allies) realfleX: brb
(07:33 / Allies) realfleX: brt
(09:21 / Allies) realfleX: oj
(09:22 / Allies) realfleX: hit top
(10:01 / Allies) realfleX: ORANGE
(11:46 / Allies) realfleX: MEET
(11:47 / Allies) realfleX: ALL
(11:48 / Allies) realfleX: OTW
(11:51 / Allies) realfleX: REHIT
(11:55 / Allies) realfleX: gona bust his ass this time
(11:59 / Allies) sObIeSkI: yeh
(12:01 / Allies) sObIeSkI: we got this
(12:47 / Allies) realfleX: b
(12:53 / Allies) realfleX: IN BAS E
(13:30 / All) sawce: use your man or i will bro
(16:12 / Allies) realfleX: B
(16:12 / Allies) realfleX: B
(16:13 / Allies) realfleX: B
(16:59 / Allies) realfleX: REGO
(17:07 / Allies) realfleX: almost vl 6
(18:36 / Allies) realfleX: in base
(18:37 / Allies) realfleX: in bbase
(18:57 / Allies) sObIeSkI: got mass tp I need to spread critters
(19:49 / Allies) realfleX: gogogogo
(20:13 / Allies) sObIeSkI: almost outta gold in my mine
(20:35 / Allies) realfleX: b
(20:37 / Allies) realfleX: wyv b
(21:59 / Allies) realfleX: b
(22:03 / Allies) realfleX: fuckin shit
(22:22 / Allies) realfleX: bats
(22:34 / Allies) cmurdaa: on th wy
(22:35 / Allies) sObIeSkI: about to be out of gold
(22:37 / Allies) sObIeSkI: we need expos
(23:22 / Allies) realfleX: wtf
(23:41 / Allies) sObIeSkI: anyone need lumber?
(23:55 / Allies) realfleX: gogogogo
(25:04 / Allies) sObIeSkI: they are out of gold too
(25:06 / Allies) realfleX: w8on me
(25:25 / Allies) realfleX: MEET MIDDLE
(25:26 / Allies) realfleX: FINAL HIT
(25:58 / Allies) realfleX: \RD
(26:28 / Allies) sObIeSkI: we have an expo and they don't let's try to play it safe
(28:08 / All) realfleX: UH OH
(28:20 / All) realfleX: BUST THAT SHIT
(28:32 / All) realfleX: THATS ALL SHE WROTE
(28:56 / All) sawce: gg
(29:04 / All) luv_hair_inc.: gg